 Dungeon Crawl Stone Soup version 0.31-a0-977-gc230f8ef24 (webtiles) character file.

Game seed: 11429212954007806176

112 timneilson the Ruffian (level 4, -2/29 HPs)
             Began as an Octopode Shapeshifter on Oct 29, 2023.
             Slain by an orc wizard
             ... wielding a +0 dagger
              (3 damage)
             ... on level 3 of the Dungeon.
             The game lasted 00:02:57 (1460 turns).

timneilson the Ruffian (Octopode Shapeshifter)      Turns: 1460, Time: 00:02:58

Health: -2/29      AC:  1    Str: 15    XL:     4   Next: 93%
Magic:  5/5        EV: 13    Int: 12    God:
Gold:   128        SH:  0    Dex: 11    Spells: 4/4 levels left

rFire   . .          .
                       - Unarmed
rCold   . . .        (no shield)
rNeg    + . .        (helmet currently unavailable)
rPois   .            (no amulet)
rElec   .            d - ring of positive energy
rCorr   .            (no ring)
SInv    .            (no ring)
Will    +....        (no ring)
Stlth   +++          (no ring)
HPRegen 0.24/turn    (no ring)
MPRegen 0.09/turn    (no ring)
                     (no ring)

%: no passive effects
@: beast-form, enlightened, flying
A: beast (slay +2), almost no armour, amphibious, 8 rings, camouflage 1,
gelatinous body 1, (nimble swimmer 1), tentacles
a: Begin Untransformation


You were on level 3 of the Dungeon.
You were a hulking beast.
You visited 1 branch of the dungeon, and saw 3 of its levels.

You collected 128 gold pieces.

Inventory:

Jewellery
 d - a ring of positive energy (left tentacle)
Talismans
 b - a beast talisman
 c - a flux talisman
Scrolls
 f - 2 scrolls of teleportation
 g - 2 scrolls of enchant armour
 l - a scroll of torment
Potions
 a - a potion of lignification
 e - a potion of curing
 h - a potion of enlightenment
 i - a potion of attraction {unknown}
 j - a potion of haste {unknown}


   Skills:
 * Level 2.1 Fighting
 * Level 2.6 Dodging
 + Level 1.5 Stealth
 * Level 3.7 Unarmed Combat
 + Level 0.9 Spellcasting
 * Level 3.5 Shapeshifting


You had 4 spell levels left.
You didn't know any spells.
Your spell library contained the following spells:

 Spells                   Type           Power      Damage    Failure   Level
 Olgreb's Toxic Radiance  Pois           0%         N/A       97%         4
 Discord                  Hex            0%         N/A       100%        8
 Ignition                 Fire           0%         3d3       100%        8


Dungeon Overview and Level Annotations

Branches:
Dungeon (3/15)

Altars:


Innate Abilities, Weirdness & Mutations

You are a hulking beast.
Your limbs bulge with bestial killing power. (Slay +2)
You cannot wear most types of armour.
You are amphibious.
You can wear up to eight rings at the same time.
Your skin changes colour to match your surroundings (Stealth+).
Your rubbery body absorbs attacks. (AC +1, EV +1)
((You are camouflaged when in or above water. (Stealth+)))
You have tentacles for arms and can constrict up to eight enemies at once.


Message History

You barely miss the orc priest. You grab the orc priest.
The orc priest is lightly wounded.
You constrict the orc priest. The orc priest closely misses you.
You tentacle-slap the orc priest. You squeeze the orc priest!
The orc priest is almost dead.
You constrict the orc priest.
You kill the orc priest!
You miss something. You miss something.
You hear some strange, mumbled words.
Something tries to affect you, but you resist.
You closely miss something. Your squeeze misses something.
Something hits you but does no damage.
You hear some strange, mumbled words.
A magic dart appears from out of thin air!
The magic dart hits you!
You tentacle-slap something. Your squeeze misses something.
Something hits you but does no damage. Something hits you.
You tentacle-slap something. Something hits you.
You hear some strange, mumbled words.
Something tries to affect you, but you resist.
You tentacle-slap something. Your squeeze misses something.
Something hits you. x2
* * * LOW HITPOINT WARNING * * *
You miss something. Something hits you.
* * * LOW HITPOINT WARNING * * *
Something hits you.
* * * LOW HITPOINT WARNING * * *
It was a potion of curing.
You feel better. Something hits you. x2
You feel better. Something hits you. x2
* * * LOW HITPOINT WARNING * * *
You closely miss something. Your squeeze misses something. Something hits you.
* * * LOW HITPOINT WARNING * * *
Something hits you.
* * * LOW HITPOINT WARNING * * *
It was a potion of enlightenment.
You feel very buoyant.
You fly up into the air.
Something hits you.
* * * LOW HITPOINT WARNING * * *
Something hits you.
You die...

### ## #.## # #.. .##.#.# #.
..# .#.#... ###.###.#
......# #.......# .....
#.#.#.#.# ...
#.#.....#####{#.#.#
#.###.#.....h{....# #
#...<.##..#..##.### .
#..######...###+## #
#..######.####...## #
#.........###.....## ### #
##.##.######.......## ##.###
#.#...####.........####...#.
#........'.........'........
#.#...####.........####...#.


There were no monsters in sight!

Vanquished Creatures
  An orc priest (D:3)
  Jessica (D:2)
  An adder (D:2)
  A dart slug (D:1)
  2 orcs (D:3)
  4 endoplasms
  3 giant cockroaches (D:1)
  2 hobgoblins
  7 jackals (D:1)
  A quokka (D:1)
  3 ball pythons
  5 bats
  3 goblins
  4 kobolds
  3 rats (D:1)
41 creatures vanquished.

Notes
Turn   | Place    | Note
-------+----------+-------------------------------------------
     0 | D:1      | timneilson the Octopode Shapeshifter began the quest for
                  | the Orb.
     0 | D:1      | Reached XP level 1. HP: 13/13 MP: 1/1
    78 | D:1      | Reached XP level 2. HP: 16/18 MP: 2/2
   214 | D:1      | Reached XP level 3. HP: 23/23 MP: 3/3
   805 | D:2      | Reached skill level 1 in Stealth
   930 | D:2      | Noticed Jessica
   932 | D:2      | Killed Jessica
   933 | D:2      | Reached XP level 4. HP: 29/29 MP: 3/5
  1460 | D:3      | HP: 1/29 [something (2)]
  1460 | D:3      | Slain by an orc wizard

Illustrated notes

Levels and vault maps discovered:
D:1:      dpeg_arrival_boxorama, layout_loops_ring
D:2:      layout_basic, uniq_jessica
D:3:      layout_loops_corners, jmf_multi_god_temple, serial_bayou_lake_a

Skill      XL: |  1  2  3 |
---------------+----------+-----
Stealth        | 1 |  1.5
Fighting       | 2 |  2.1
Dodging        | |  2.6
Unarmed Combat | |  3.7
Spellcasting   | |  0.9
Shapeshifting  | |  3.5

Action                     |  1- 3 |  4- 6 || total
---------------------------+-------+-------++-------
  Melee: Unarmed           |    51 |    18 ||    69
         Tentacles         |    16 |     2 ||    18
         Constrict         |    20 |     3 ||    23
         Punch             |     1 |       ||     1
    Use: Scroll            |     5 |     3 ||     8
         Potion            |       |     3 ||     3
   Stab: Sleeping          |     7 |     2 ||     9
 Armour: Skin              |    17 |    18 ||    35
  Dodge: Dodged            |    26 |     1 ||    27

Table legend: (Time is in decaauts)
 A = Elapsed time spent in this place.
 B = Non-inter-level travel time spent in this place.
 C = Inter-level travel time spent in this place.
 D = Time resting spent in this place.
 E = Time spent auto-exploring this place.
 F = Levels seen in this place.
 G = Mean time per level.
                   A        B        C        D        E       F      G
               +--------+--------+--------+--------+--------+-----+--------+
         Total |   1455 |   1434 |     21 |     74 |   1084 |   3 |  485.0 |
       Dungeon |   1455 |   1434 |     21 |     74 |   1084 |   3 |  485.0 |
               +--------+--------+--------+--------+--------+-----+--------+

Top non-repeatable levels by time:
     D:1: 742 daAuts
     D:2: 633 daAuts
     D:3: 79 daAuts
